 Dungeon Crawl Stone Soup version 0.26-a0-542-gbaa144ba5c (webtiles) character file.

Game seed: 11923995561203198955

605 Devinter the Sneak (level 7, -2/41 HPs)
             Began as an Octopode Hedge Wizard on Aug 18, 2020.
             Succumbed to an orc wizard's poison
             ... on level 5 of the Dungeon.
             The game lasted 00:36:34 (5736 turns).

Devinter the Sneak (Octopode Hedge Wizard)          Turns: 5736, Time: 00:36:34

Health: -2/41      AC:  1    Str:  9    XL:     7   Next: 42%
Magic:  10/14      EV: 13    Int: 16    God:
Gold:   317        SH:  0    Dex: 14    Spells: 11/16 levels left

rFire    . . .     SeeInvis +   o - +0 rapier
rCold    . . .     Faith    .   (no shield)
rNeg     . . .     Spirit   .   b - +0 hat
rPois    .         Reflect  .   z - amulet of the acrobat
rElec    .         Harm     .   e - ring of see invisible
rCorr    .                      p - ring of stealth
MR       .....                  (no ring)
Stlth    +++++.....             (no ring)
HPRegen  0.13/turn              (no ring)
MPRegen  0.14/turn              (no ring)
                                (no ring)
                                (no ring)

@: lethally poisoned (-2 -> -37), stab
A: almost no armour, stealthy swim, amphibious, 8 rings, constrict 8, camouflage
1, gelatinous body 1
a: no special abilities


You were on level 5 of the Dungeon.
You visited 1 branch of the dungeon, and saw 5 of its levels.

You collected 341 gold pieces.
You spent 24 gold pieces at shops.

Inventory:

Hand Weapons
 a - a +0 dagger
 o - a +0 rapier (weapon)
 u - a +0 long sword
 y - a +1 hand axe of electrocution
Missiles
 h - 134 stones (quivered)
 m - 6 javelins
 q - 7 arrows
Armour
 b - a +0 hat (worn)
Jewellery
 e - a ring of see invisible (left tentacle)
 p - a ring of stealth (right tentacle)
 z - an amulet of the acrobat (around mantle)
Wands
 t - a wand of disintegration (13)
 x - a wand of acid (9)
 B - a wand of flame (17)
Scrolls
 d - 4 scrolls of remove curse {unknown}
 f - 6 scrolls of identify {unknown}
 i - a scroll of enchant weapon {unknown}
 n - a scroll of immolation {unknown}
 s - 2 scrolls of blinking {unknown}
 v - 3 scrolls of teleportation {unknown}
 w - a scroll of fog
 A - a scroll of magic mapping {unknown}
Potions
 c - 4 potions of curing {unknown}
 g - a potion of haste {unknown}
 j - 2 potions of brilliance {unknown}
 k - 6 potions of stabbing
 l - a potion of invisibility {unknown}
 r - a potion of magic {unknown}


   Skills:
 - Level 2.0 Dodging
 - Level 5.0 Stealth
 - Level 5.0 Spellcasting
 + Level 4.0 Conjurations
 + Level 2.8 Summonings
 + Level 2.8 Translocations


You had 11 spell levels left.
You knew the following spells:

 Your Spells              Type           Power        Failure   Level
a - Magic Dart            Conj           ###.         3%          1
b - Blink                 Tloc           N/A          7%          2
c - Call Imp              Summ           ##......     7%          2

Your spell library contained the following spells:

 Spells                   Type           Power        Failure   Level
 Conjure Flame            Conj/Fire      ##......     21%         3
 Slow                     Hex            #.......     22%         2
 Mephitic Cloud           Conj/Pois/Air  #.......     26%         3


Dungeon Overview and Level Annotations

Branches:
Dungeon (5/15)
 Temple: D:4-7

Altars:
Cheibriados
Dithmenos
Hepliaklqana
Makhleb
Qazlal
Uskayaw
Yredelemnul
Zin

Shops:
D:2 *   D:4 *


Innate Abilities, Weirdness & Mutations

You cannot wear most types of armour.
You are very stealthy in the water. (Stealth+)
You are amphibious.
You can wear up to eight rings at the same time.
You can use your tentacles to constrict eight enemies at once.
Your skin changes colour to match your surroundings (Stealth+).
Your rubbery body absorbs attacks. (AC +1, EV +1)


Message History

* * * LOW HITPOINT WARNING * * *
You feel sick.
The orc wizard points at you and mumbles some strange words.
The puff of flame hits you!
* * * LOW HITPOINT WARNING * * *
The orc wizard hits you with a +0 dagger of venom.
* * * LOW HITPOINT WARNING * * *
You are more poisoned.
The orc wizard moves out of view.
You hit the orc wizard.
You kill the orc wizard!
Your Conjurations skill increases to level 4!
* * * LOW HITPOINT WARNING * * *
You feel very sick.
An orc comes into view.
An orc comes into view. It is wielding a +0 morningstar.
The ice beast misses you.
It was a potion of stabbing.
You feel ready to backstab.
You die... ..# .. ##.o ..o #oo

#o# #Y#
#@# #.#
#.# #.#
####'#####
#........#
#........#
#...<....#
#........#


You could see an ice beast, 2 orc wizards and 3 orcs.

Vanquished Creatures
  A phantom (D:4)
  An ogre (D:4)
  4 orc wizards
  A worker ant (D:4)
  A howler monkey skeleton (D:4)
  2 adders
  An ufetubus (D:2)
  2 oozes (D:3)
  A worm (D:4)
  6 dart slugs
  2 leopard geckos
  14 orcs
  3 bats
  4 giant cockroaches
  6 goblins
  7 hobgoblins
  13 kobolds
  3 quokkas
  2 ball pythons
  8 frilled lizards
  8 rats
90 creatures vanquished.

Vanquished Creatures (collateral kills)
  A phantom (D:4)
  An orc warrior (D:3)
  An orc priest (D:3)
  An iguana (D:4)
  A worker ant (D:4)
  A worm (D:2)
  2 orcs (D:4)
  A bat (D:3)
  A giant cockroach (D:3)
  A quokka (D:3)
11 creatures vanquished.

Grand Total: 101 creatures vanquished

Notes
Turn   | Place    | Note
-------+----------+-------------------------------------------
     0 | D:1      | Devinter the Octopode Hedge Wizard began the quest for the
                  | Orb.
     0 | D:1      | Reached XP level 1. HP: 11/11 MP: 4/4
   305 | D:1      | Reached skill level 3 in Stealth
   421 | D:1      | Reached XP level 2. HP: 17/17 MP: 6/6
   825 | D:1      | Learned a level 2 spell: Blink
   828 | D:1      | Learned a level 2 spell: Call Imp
  1177 | D:1      | Reached XP level 3. HP: 19/21 MP: 2/7
  1701 | D:2      | Reached skill level 2 in Conjurations
  2088 | D:2      | Found Zin's Purification Station.
  2091 | D:2      | Found a glowing silver altar of Zin.
  2132 | D:2      | Found a burning altar of Makhleb.
  2284 | D:2      | Reached skill level 4 in Stealth
  2327 | D:2      | Reached XP level 4. HP: 27/27 MP: 6/9
  2379 | D:2      | Found a shadowy altar of Dithmenos.
  2385 | D:2      | Found a hazy altar of Hepliaklqana.
  2390 | D:2      | Found a snail-covered altar of Cheibriados.
  2966 | D:3      | Found a hide-covered altar of Uskayaw.
  2976 | D:3      | Noticed a +0 dagger
  2977 | D:3      | Noticed a +0 dagger
  2981 | D:3      | Noticed an orc warrior
  3198 | D:3      | Found a stormy altar of Qazlal.
  3343 | D:3      | Reached XP level 5. HP: 23/31 MP: 4/10
  3585 | D:3      | Killed an orc warrior
  3585 | D:3      | Reached skill level 5 in Stealth
  3585 | D:3      | Reached skill level 4 in Spellcasting
  3585 | D:3      | Reached skill level 3 in Conjurations
  3587 | D:3      | HP: 3/31 [orc wizard/+0 dagger (3)]
  3589 | D:3      | Reached XP level 6. HP: 4/36 MP: 3/12
  4304 | D:4      | Reached skill level 2 in Translocations
  4389 | D:4      | Found Vuarch's General Store.
  4401 | D:4      | Bought a scroll of fog for 24 gold pieces
  4410 | D:4      | Noticed a phantom
  4455 | D:4      | Killed a phantom
  4455 | D:4      | Reached skill level 2 in Summonings
  4753 | D:4      | Reached XP level 7. HP: 15/41 MP: 5/14
  4978 | D:4      | Reached skill level 5 in Spellcasting
  5590 | D:4      | Found a basalt altar of Yredelemnul.
  5706 | D:5      | Entered Level 5 of the Dungeon
  5735 | D:5      | Reached skill level 4 in Conjurations
  5735 | D:5      | HP: 1/41 [poisoned by an orc wizard]
  5736 | D:5      | Succumbed to an orc wizard's poison

Illustrated notes

Levels and vault maps discovered:
D:1:      sevenhm_arrival_forest_fort_small_3, layout_basic
D:2:      layout_loops_ring, zin_purify, grunt_temple_overflow_diamond,
          bloody_makhleb, minmay_diced_spiral
D:3:      layout_rooms, dancing_weapons_uskayaw,
          nicolae_qazlal_general_emergency
D:4:      layout_cave_pools, kennysheep_little_box, serial_shops,
          nicolae_shop_statue_plus
D:5:      layout_basic, minmay_temple_entry_mist, serial_bayou_crossing

Skill      XL: |  1  2  3  4  5  6  7 |
---------------+----------------------+-----
Stealth        | 3 4 5 |  5.0
Conjurations   | 2 3 4 |  4.0
Spellcasting   | 4 5 |  5.0
Translocations | 2 |  2.8
Summonings     | 2 |  2.8
Dodging        | |  2.0

Action                   |  1- 3 |  4- 6 |  7- 9 || total
-------------------------+-------+-------+-------++-------
Melee: Dagger            |    36 |     1 |       ||    37
       Constrict         |    10 |    13 |     7 ||    30
       Tentacles         |     8 |     9 |     5 ||    22
       Rapier            |       |    78 |    33 ||   111
Throw: Throwing net      |       |     1 |       ||     1
 Cast: Magic Dart        |    82 |    67 |    20 ||   169
       Call Imp          |       |    19 |     9 ||    28
       Blink             |       |     1 |       ||     1
  Use: Potion            |       |       |     1 ||     1
 Stab: Sleeping          |     3 |     5 |     1 ||     9
       Held in net/web   |       |     2 |       ||     2
       Distracted        |       |     1 |     1 ||     2
Armor: Skin              |     2 |     4 |     1 ||     7
Dodge: Dodged            |    23 |    45 |    19 ||    87

Table legend: (Time is in decaauts)
 A = Elapsed time spent in this place.
 B = Non-inter-level travel time spent in this place.
 C = Inter-level travel time spent in this place.
 D = Time resting spent in this place.
 E = Time spent auto-exploring this place.
 F = Levels seen in this place.
 G = Mean time per level.
                   A        B        C        D        E       F      G
               +--------+--------+--------+--------+--------+-----+--------+
         Total |   5756 |   5662 |     94 |   2810 |    476 |   5 | 1151.2 |
       Dungeon |   5756 |   5662 |     94 |   2810 |    476 |   5 | 1151.2 |
               +--------+--------+--------+--------+--------+-----+--------+

Top non-repeatable levels by time:
     D:1: 1684 daAuts
     D:4: 1504 daAuts
     D:3: 1479 daAuts
     D:2: 1057 daAuts
     D:5: 30 daAuts
